 Dungeon Sprint DCSS version 0.31-a0-204-g7da18cac08 (webtiles) character file.

Game seed: 14450358773044372177

2017 rocky1 the Imperceptible (level 9, 0/55 HPs)
             Began as a Kobold Brigand on June 28, 2023.
             Was an Initiate of Gozag.
             Slain by a centaur warrior (10 damage)
             ... in the Dungeon (Sprint III: "The Ten Rune Challenge").
             The game lasted 00:05:17 (535 turns).

rocky1 the Imperceptible (Kobold Brigand)            Turns: 535, Time: 00:05:17

Health: 0/55       AC:  4    Str:  8    XL:     9   Next: 46%
Magic:  9/9        EV: 18    Int: 11    God:    Gozag
Gold:   938        SH:  0    Dex: 24    Spells: 8/8 levels left

rFire   . . .        a - +2 dagger
rCold   + . .        (no shield)
rNeg    . . .        j - +0 leather armour
rPois   .            (no helmet)
rElec   .            c - +0 cloak
rCorr   .            (no gloves)
SInv    .            (no boots)
Will    .....        (no amulet)
Stlth   +++++++++    (no ring)
HPRegen 0.29/turn    (no ring)
MPRegen 0.11/turn

%: no teleportation
@: hasted, very quick
A: small, no large weapons, nightstalker 3, agile 1, cold resistance 1, wild
magic 1
a: Renounce Religion, Potion Petition, Call Merchant, Bribe Branch


You were in the Dungeon.
You worshipped Gozag.
Gozag was pleased with you.
You visited 1 branch You collected 938 gold pieces.

Inventory:

Hand Weapons
 a - a +2 dagger (weapon)
 r - a +2 long sword of holy wrath
Missiles
 d - 9 poisoned darts (quivered)
 e - 3 curare-tipped darts
Armour
 b - a +0 robe
 c - a +0 cloak (worn)
 j - a +0 leather armour (worn)
Scrolls
 k - a scroll of blinking
 l - a scroll of torment {unknown}
 m - 3 scrolls of identify
 o - a scroll of immolation {unknown}
Potions
 f - a potion of curing
 g - a potion of berserk rage
 i - 2 potions of magic
 n - a potion of resistance
 p - 2 potions of enlightenment
 q - 4 potions of mutation


   Skills:
 + Level 6.1 Fighting
 * Level 14.4 Short Blades
 - Level 2.7 Throwing
 + Level 6.1 Dodging
 + Level 21.5 Stealth


You had 8 spell levels left.
You didn't know any spells.
Your spell library contained the following spells:

 Spells                   Type           Power      Damage    Failure   Level
 Necrotise                Necr           0%         1d4       54%         1
 Slow                     Hex            0%         N/A       54%         1
 Confusing Touch          Hex            0%         N/A       88%         3
 Vampiric Draining        Necr           0%         2d6       88%         3
 Agony                    Necr           0%         N/A       100%        5


Dungeon Overview and Level Annotations

Branches:
Dungeon (1/1)

Altars:
Cheibriados
Dithmenos
Elyvilon
Fedhas
Gozag
Hepliaklqana
Kikubaaqudgha
Makhleb
Nemelex Xobeh
Okawaru
Qazlal
Ru
Sif Muna
Trog
Uskayaw
Vehumet
Wu Jian
Xom
Yredelemnul
Zin
The Shining One
Jiyva
Lugonu


Innate Abilities, Weirdness & Mutations

You are small and have problems with some larger weapons.
You are completely attuned to the shadows.
You are agile. (Dex +4, Str/Int -1)
Your flesh is cold resistant. (rC+)
Your spells are a little harder to cast, but a little more powerful.


Message History

You barely miss the centaur warrior.
The centaur warrior is lightly wounded.
The centaur warrior closely misses you. x2
You hit the centaur warrior.
The centaur warrior is lightly wounded.
You hit the centaur warrior.
The centaur warrior is lightly wounded.
You hit the centaur warrior.
The centaur warrior is moderately wounded.
The centaur warrior hits you!
The centaur warrior completely misses you.
You hit the centaur warrior.
The centaur warrior is moderately wounded.
You closely miss the centaur warrior.
The centaur warrior is moderately wounded.
The centaur warrior hits you. The centaur warrior kicks you.
You hit the centaur warrior.
The centaur warrior is moderately wounded.
You hit the centaur warrior but do no damage.
The centaur warrior is moderately wounded.
The centaur warrior hits you! The centaur warrior kicks you.
You hit the centaur warrior.
The centaur warrior is heavily wounded.
You hit the centaur warrior but do no damage.
The centaur warrior is heavily wounded.
The centaur warrior hits you. The centaur warrior kicks you.
* * * LOW HITPOINT WARNING * * *
You hit the centaur warrior.
The centaur warrior is heavily wounded.
You hit the centaur warrior.
The centaur warrior is heavily wounded.
The centaur warrior hits you!
* * * LOW HITPOINT WARNING * * *
The centaur warrior kicks you but does no damage.
The centaur warrior attacks as you move away!
The centaur warrior barely misses you. The centaur warrior kicks you.
* * * LOW HITPOINT WARNING * * *
You feel better. The centaur warrior hits you!
You die...
Your body crumbles into a pile of gold.

## $$$ $ _#$ $ $$ $
$$ _# $ ## $ $ .#$$
$ .#$ $$ '# $
.#+#################
.#.§~~~'.#.'...+@#.#
.#.#§§~#.#.#...##c#
.'.#§§§#.#)#...#.#.#
.#.#§)§#...#...##
#.# ▓▓▓▓▓▓▓▓▓▓▓▓▓▓▓#
#.# #.


You could see a centaur warrior.

Vanquished Creatures
  Josephine (D)
  A deep elf pyromancer (D)
  A shadow (D)
  A spatial vortex (D)
  A centaur (D)
  An earth elemental (D)
  A water elemental (D)
  A necrophage (D)
  A jelly (D)
  A wizard (D)
  A necromancer (D)
  A kobold demonologist (D)
  3 humans (D)
  A wolf (D)
  An endoplasm (D)
  3 rats (D)
20 creatures vanquished.

Notes
Turn   | Place    | Note
-------+----------+-------------------------------------------
     0 | D        | rocky1 the Kobold Brigand began the quest for the Orb.
     0 | D        | Reached XP level 1. HP: 12/12 MP: 1/1
    13 | D        | Reached skill level 6 in Stealth
    47 | D        | Noticed a wolf
    50 | D        | Killed a wolf
    51 | D        | Reached skill level 8 in Stealth
    51 | D        | Reached XP level 2. HP: 18/18 MP: 2/2
    55 | D        | Reached skill level 9 in Stealth
    55 | D        | Reached XP level 3. HP: 23/23 MP: 3/3
    75 | D        | Gained mutation: Your spells are a little harder to cast,
                  | but a little more powerful. [potion of mutation]
    75 | D        | Gained mutation: Your flesh is cold resistant. (rC+)
                  | [potion of mutation]
    75 | D        | Gained mutation: You are agile. (Dex +4, Str/Int -1)
                  | [potion of mutation]
    81 | D        | Noticed a water elemental
    84 | D        | Killed a water elemental
    85 | D        | Reached skill level 5 in Short Blades
    85 | D        | Reached skill level 11 in Stealth
    85 | D        | Reached XP level 4. HP: 28/28 MP: 4/4
    87 | D        | Found a radiant altar of Vehumet.
    87 | D        | Found a shimmering blue altar of Sif Muna.
    87 | D        | Found an ancient bone altar of Kikubaaqudgha.
    87 | D        | Noticed a wizard
    98 | D        | Killed a wizard
    99 | D        | Reached skill level 12 in Stealth
    99 | D        | Reached XP level 5. HP: 24/32 MP: 5/5
   148 | D        | Noticed a shadow
   150 | D        | Killed a shadow
   151 | D        | Reached skill level 15 in Stealth
   151 | D        | Reached XP level 6. HP: 39/39 MP: 6/6
   157 | D        | Found a blossoming altar of Fedhas.
   157 | D        | Found a stormy altar of Qazlal.
   157 | D        | Found a snail-covered altar of Cheibriados.
   157 | D        | Found a burning altar of Makhleb.
   157 | D        | Found a shimmering altar of Xom.
   157 | D        | Noticed a spatial vortex
   158 | D        | Found a hazy altar of Hepliaklqana.
   158 | D        | Found an opulent altar of Gozag.
   158 | D        | Found a sparkling altar of Nemelex Xobeh.
   158 | D        | Found a corrupted altar of Lugonu.
   158 | D        | Found a viscous altar of Jiyva.
   166 | D        | Became a worshipper of Gozag Ym Sagoz the Greedy
   191 | D        | Killed a spatial vortex
   192 | D        | Reached skill level 10 in Short Blades
   192 | D        | Reached skill level 16 in Stealth
   192 | D        | Reached XP level 7. HP: 17/44 MP: 7/7
   303 | D        | Found a basalt altar of Yredelemnul.
   303 | D        | Found a shadowy altar of Dithmenos.
   303 | D        | Found a sacrificial altar of Ru.
   320 | D        | Found a hide-covered altar of Uskayaw.
   320 | D        | Found an iron altar of Okawaru.
   320 | D        | Found a bloodstained altar of Trog.
   320 | D        | Found an ornate altar of the Wu Jian Council.
   320 | D        | Noticed a human
   321 | D        | Noticed a human
   329 | D        | Killed a human
   330 | D        | Reached skill level 5 in Fighting
   330 | D        | Reached skill level 17 in Stealth
   333 | D        | Killed a human
   334 | D        | Reached skill level 18 in Stealth
   334 | D        | Reached XP level 8. HP: 49/49 MP: 8/8
   384 | D        | Found a glowing silver altar of Zin.
   384 | D        | Found a glowing golden altar of the Shining One.
   384 | D        | Found a white marble altar of Elyvilon.
   384 | D        | Noticed a deep elf pyromancer
   387 | D        | Killed a deep elf pyromancer
   388 | D        | Reached skill level 5 in Dodging
   388 | D        | Reached skill level 19 in Stealth
   421 | D        | Noticed Josephine
   424 | D        | Killed Josephine
   425 | D        | Reached skill level 21 in Stealth
   425 | D        | Reached XP level 9. HP: 55/55 MP: 9/9
   448 | D        | Noticed a centaur warrior
   535 | D        | Slain by a centaur warrior

Illustrated notes

Levels and vault maps discovered:
D:        dungeon_sprint_mu [sprint_mu_entry_cave, sprint_mu_temple_rooms,
          sprint_mu_d1_horrors, sprint_mu_d2_genie, sprint_mu_d3_branching,
          sprint_mu_orc_legion, sprint_mu_elf_gauntlet, sprint_mu_hive_nellie,
          sprint_mu_lair_fedhas, sprint_mu_vaults_butterflies,
          sprint_mu_slime_circle, sprint_mu_swamp_cave, sprint_mu_snake_twists,
          sprint_mu_blade_basic, sprint_mu_crypt_fortress,
          sprint_mu_tomb_spiral, sprint_mu_vestibule_basic,
          sprint_mu_gehenna_hellfire, sprint_mu_dis_giant,
          sprint_mu_tartarus_statrot, sprint_mu_cocytus_islands, sprint_mu_zot1]

Skill      XL: |  1  2  3  4  5  6  7  8  9 |
---------------+----------------------------+-----
Stealth        | 8 9 11 12 15 16 18 21 | 21.5
Short Blades   | 3 5 6 8 10 11 14 | 14.4
Fighting       | 3 4 5 6 |  6.1
Dodging        | 2 3 4 5 6 |  6.1
Throwing       | |  2.7

Action                     |  1- 3 |  4- 6 |  7- 9 || total
---------------------------+-------+-------+-------++-------
  Melee: Dagger            |     8 |    38 |    51 ||    97
         Punch             |       |     1 |     2 ||     3
    Use: Potion            |     1 |     1 |     4 ||     6
         Scroll            |       |       |     1 ||     1
   Stab: Sleeping          |     6 |     2 |     5 ||    13
 Armour: Robe              |       |     4 |       ||     4
         Leather armour    |       |       |     7 ||     7
  Dodge: Dodged            |     1 |    22 |    22 ||    45

Table legend: (Time is in decaauts)
 A = Elapsed time spent in this place.
 B = Non-inter-level travel time spent in this place.
 C = Inter-level travel time spent in this place.
 D = Time resting spent in this place.
 E = Time spent auto-exploring this place.
 F = Levels seen in this place.
 G = Mean time per level.
                   A        B        C        D        E       F      G
               +--------+--------+--------+--------+--------+-----+--------+
         Total |    495 |    495 |      0 |    136 |     29 |   1 |  495.0 |
       Dungeon |    495 |    495 |      0 |    136 |     29 |   1 |  495.0 |
               +--------+--------+--------+--------+--------+-----+--------+

Top non-repeatable levels by time:
       D: 495 daAuts
